 Dungeon Crawl Stone Soup version 0.29-a0-668-g12ee2bf84d (webtiles) character file.

Game seed: 5112299216415509404

4587 zeratav the Fortune-Teller (level 10, -4/80 HPs)
             Began as a Formicid Fighter on June 23, 2022.
             Was a Believer of Nemelex Xobeh.
             Slain by a gnoll sergeant
             ... wielding a +3 halberd
              (16 damage)
             ... in a bailey.
             The game lasted 00:24:44 (9226 turns).

zeratav the Fortune-Teller (Formicid Fighter)       Turns: 9226, Time: 00:24:44

Health: -4/80      AC: 10    Str: 28    XL:     10   Next: 68%
Magic:  18/18      EV:  5    Int:  7    God:    Nemelex Xobeh [**....]
Gold:   347        SH:  0    Dex: 13    Spells: 9/9 levels left

rFire   . . .      SeeInvis +   y - +3 battleaxe (freeze) {axe}
rCold   . . .      Faith    .   c - +0 buckler
rNeg    . . .      Spirit   .   j - +1 ring mail of an ice cave {Regen+ Str+2}
rPois   .          Reflect  .   (helmet unavailable)
rElec   .          Harm     .   (no cloak)
rCorr   .          Rampage  .   h - +0 pair of gloves
Will    +....                   B - +1 pair of boots {Fly}
Stlth   ++........              E - amulet of regeneration {@e2}
HPRegen 1.83/turn               n - +4 ring of slaying
MPRegen 0.16/turn               (no ring)

@: flying, held
A: permanent stasis, dig shafts and tunnels, antennae 3, four strong arms
a: Dig, Renounce Religion, Draw Escape, Draw Destruction, Draw Summoning


You were in a bailey.
You worshipped Nemelex Xobeh.
Nemelex Xobeh was pleased with you.
You visited 1 branch of the dungeon, and saw 8 of its levels.
You also visited: Sewer and Bailey.

You collected 389 gold pieces.
You spent 42 gold pieces at shops.


Innate Abilities, Weirdness & Mutations

You cannot be hasted, slowed, berserked, paralysed or teleported.
You can dig through walls and to a lower floor.
You have a pair of large antennae on your head. (SInv)
Your four strong arms can wield two-handed weapons with a shield.


   Skills:
 - Level 8.0 Fighting
 + Level 8.9 Axes
 - Level 3.2 Armour
 - Level 5.0 Stealth
 - Level 4.0 Shields
 + Level 11.3 Invocations


You had 9 spell levels left.
You didn't know any spells.
Your spell library contained the following spells:

 Spells                   Type           Power      Damage    Failure   Level
 Foxfire                  Conj/Fire      0%         2x1d4     63%         1
 Scorch                   Fire           0%         2d5       77%         2
 Sublimation of Blood     Necr           0%         N/A       77%         2
 Wereblood                Tmut           0%         N/A       77%         2
 Conjure Flame            Conj/Fire      0%         6-21      94%         3
 Inner Flame              Hex/Fire       0%         N/A       94%         3
 Flame Wave               Conj/Fire      0%         2d4       100%        4
 Summon Cactus Giant      Summ           0%         N/A       100%        6
 Summon Hydra             Summ           0%         N/A       100%        7

Inventory:

Hand Weapons
 a - a +1 war axe {axe}
 x - a +3 halberd {polearm}
   (You took it off a wight on level 6 of the Dungeon)
 y - a +3 battleaxe of freezing (weapon) {axe}
   (You took it off a wight on level 6 of the Dungeon)
 C - a +0 quick blade {shortrare=g}
   (You found it on level 7 of the Dungeon)
Armour
 c - a +0 buckler (worn)
 h - a +0 pair of gloves (worn)
   (You found it on level 1 of the Dungeon)
 i - a +2 robe of willpower
   (You found it on level 3 of the Dungeon)
 j - the +1 ring mail of an ice cave (worn) {Regen+ Str+2}
   (You found it on level 4 of the Dungeon)

   Str:       It affects your strength (+2).
   Regen:     It increases your rate of health regeneration.
 B - a +1 pair of boots of flying (worn)
   (You found it on level 7 of the Dungeon)
Jewellery
 n - a +4 ring of slaying (left hand)
   (You found it on level 4 of the Dungeon)
 E - an amulet of regeneration (around neck) {@e2}
   (You found it on level 8 of the Dungeon)
Scrolls
 k - a scroll of magic mapping {!r}
 q - a scroll of vulnerability {!r!r}
 t - 2 scrolls of amnesia
 A - a scroll of identify {@r1}
 D - a scroll of poison {unknown}
Potions
 b - 2 potions of attraction {!q}
 d - a potion of might
 e - 2 potions of cancellation
 f - 4 potions of heal wounds {unknown}
 g - 4 potions of flight {unknown}
 l - a potion of mutation {unknown}
 m - a potion of haste {unknown}
 p - 3 potions of brilliance {unknown}
 r - 2 potions of magic {unknown}
 s - 2 potions of invisibility {unknown}
 v - a potion of resistance {unknown}
 w - a potion of ambrosia {unknown}
 z - a potion of curing {unknown}

Dungeon Overview and Level Annotations

Branches:
Dungeon (8/15) Zot: 26682  Temple (0/1) D:4           Sewer (visited)
 Bailey (1/1) Zot: 5803
   Lair: D:8-11

Altars:
Cheibriados
Nemelex Xobeh
Sif Muna
Trog
Wu Jian

Shops:
D:1 ***!   D:6 [

Annotations:
D:6 3 runed translucent doors, turdburglar's ghost, novice MfIE

♣≈.. #.. ♣≈.. {{ #..
♣≈.. #####{ { #.. ♣≈..
##...##{{ #..
♣≈..##+###.....######..
♣≈......#.......#...'.)
♣≈..o.o.'...8...(.).'.)
♣≈......#.......#...'..
♣≈..##@###.....######..
♣≈..#.hhh##...## { #..
♣≈..#.ggg.#####{{{ #..
♣≈..#..gg..g. { #..
♣≈..##....g.g.. { #..
♣≈.. ##.8...... { #..
#########


You could see 4 gnoll sergeants, 3 wolves, a gnoll shaman, 3 gnolls and 2
friendly orcs.


Message History

You now have 347 gold pieces (gained 15).
There is an open door here.
The gnoll shaman shouts!
The gnoll shaman hits you from afar with a +0 spear.
HP[-5]
You take 5 damage, and now have 75/80 hp.
The gnoll shaman hits you but does no damage.
HP[+2]
You regained 2 hp, and now have 77/80 hp.
You slice the gnoll shaman!! You freeze the gnoll shaman!
You kill the gnoll shaman!
HP[+3]
Your hp is fully restored (80).
Things that are here:
a +0 spear {polearm}; a +3 ring mail You reach down and open the door.
A gnoll shaman, a gnoll sergeant and 2 gnolls come into view.
The gnoll misses you.
The gnoll shaman hits you with a +0 halberd!
There is an open door, spattered with blood here.
HP[-13]
You take 13 damage, and now have 67/80 hp.
You slice the gnoll shaman!! You freeze the gnoll shaman!
You kill the gnoll shaman!
The gnoll sergeant shouts!
You hear a shout!
A gnoll comes into view. It is wielding a +0 trident.
You block the gnoll's attack.
HP[+2]
You regained 2 hp, and now have 69/80 hp.
A wolf comes into view.
The gnoll shouts!
You hear a howl!
The wolf howls!
You hear a howl!
You hear a shout! x2
A wolf comes into view.
A gnoll sergeant comes into view. It is wielding a +0 glaive.
The gnoll hits you with a +0 halberd.
Things that are here:
a +0 halberd {polearm}; a +0 ring mail; a gnoll corpse HP[-1]
You take 1 damage, and now have 68/80 hp.
The gnoll shouts!
You hit the gnoll but do no damage.
A gnoll shaman comes into view. It is wielding a +0 spear.
The gnoll hits you from afar with a +0 trident.
The gnoll sergeant barely misses you. The gnoll hits you with a +0 halberd.
A wolf comes into view.
HP[-7]
You take 7 damage, and now have 61/80 hp.
The gnoll attacks as you move away! The gnoll closely misses you.
The gnoll hits you but does no damage.
There is an open door, spattered with blood here.
HP[+2]
You regained 2 hp, and now have 63/80 hp.
You draw a card...
You have drawn Pain.
Press: ? - help, Shift-Dir - straight line, f - gnoll sergeant
Aim: a gnoll sergeant, wielding a +3 halberd and wearing a +0 chain mail The gnoll sergeant convulses!
The gnoll shaman shouts!
The gnoll throws a throwing net.
The throwing net hits you.
You become entangled in the net!
The gnoll sergeant hits you from afar with a +3 halberd!
The gnoll hits you from afar with a +0 halberd!
A gnoll sergeant comes into view. It is wielding a +0 glaive.
A gnoll sergeant comes into view. It is wielding a +0 halberd.
The wolf bites you.
HP[-18]
You take 18 damage, and now have 45/80 hp.
MASSIVE DAMAGE!! (PAUSE)
You draw a card...
You have drawn Pain.
Press: ? - help, Shift-Dir - straight line, f/p - gnoll sergeant
Aim: a gnoll sergeant, wielding a +3 halberd and wearing a +0 chain mail (heavily wounded)
The bolt of negative energy misses the gnoll sergeant.
The gnoll sergeant shouts! x2; You hear a shout!
The wolf bites you. The gnoll hits you but does no damage.
The gnoll sergeant barely misses you.
The gnoll hits you from afar with a +0 halberd!
* * * LOW HITPOINT WARNING * * *
The wolf bites you but does no damage.
HP[-10]
You take 10 damage, and now have 35/80 hp.
As you read the scroll of summoning, it crumbles to dust.
Wisps of shadow whirl around you... The wolf bites you but does no damage.
The gnoll barely misses you.
The gnoll sergeant hits you from afar with a +3 halberd!
* * * LOW HITPOINT WARNING * * *
A gnoll shaman comes into view. It is wielding a +0 halberd.
The gnoll hits you from afar with a +0 halberd.
* * * LOW HITPOINT WARNING * * *
The wolf bites you but does no damage. The wolf bites you.
* * * LOW HITPOINT WARNING * * *
HP[-15]
You take 15 damage, and now have 20/80 hp.
You struggle against the net.
The gnoll hits you from afar with a +0 trident!
* * * LOW HITPOINT WARNING * * *
The gnoll hits you but does no damage.
The wolf bites you but does no damage. x2
The gnoll sergeant hits you from afar with a +3 halberd!
You die...
Your body glows with a rainbow of weird colours and disappears.

Skill      XL: |  1  2  3  4  5  6  7  8  9 10 |
---------------+-------------------------------+-----
Stealth        | 2 3 4 5 |  5.0
Fighting       | 4 5 6 7 8 |  8.0
Invocations    | 3 6 9 11 | 11.3
Axes           | 4 7 8 |  8.9
Armour         | |  3.2
Shields        | |  4.0

Action                   |  1- 3 |  4- 6 |  7- 9 | 10-12 || total
-------------------------+-------+-------+-------+-------++-------
Melee: War axe           |    97 |   161 |   306 |    23 ||   587
       Battleaxe         |       |       |       |    60 ||    60
Invok: Draw Destruction  |       |       |       |     2 ||     2
  Use: Scroll            |     1 |     3 |     4 |     2 ||    10
       Potion            |       |       |     1 |       ||     1
 Stab: Sleeping          |       |     2 |     7 |     1 ||    10
Armor: Scale mail        |    47 |    87 |    20 |       ||   154
       Ring mail         |       |       |    92 |    51 ||   143
Dodge: Dodged            |    37 |    90 |   173 |    41 ||   341
Block: Buckler           |    27 |    43 |    65 |    32 ||   167

Levels and vault maps discovered:
D:1:      wheals_arrival_linesprint, layout_rooms,
          hellmonk_ecumenical_altar_lost_god, serial_shops,
          nicolae_shop_advertising_works [nicolae_subvault_shop_adworks],
          nicolae_shop_hallway_plus, nicolae_shop_stone, nicolae_shop_trees,
          minmay_circled_x
D:2:      minmay_razor_zed, layout_loops_corners, minmay_pentomino_w2
D:3:      layout_loops_ring, jmf_multi_god_temple2,
          mainiacjoe_overflow_boulevard, gup_sewer_entry_spiral, uniq_natasha
D:4:      layout_loops_ring, temple_pool_b, eino_tiny_chamber, uniq_duvessa
D:5:      layout_basic
D:6:      layout_basic, trog_butcher_becter, gammafunk_ghost_necromancy,
          serial_shops, shop, grunt_ministairs_3, lightli_orcish_oven
D:7:      layout_rooms, overflow_temple_1_default
D:8:      layout_gridville, enter_bailey_5, glass_columns_b,
          minmay_increasing_density, uniq_erica
Bailey:   bailey_polearm_gnolls_kennysheep, bailey

Notes
Turn   | Place    | Note
-------+----------+-------------------------------------------
     0 | D:1      | zeratav the Formicid Fighter began the quest for the Orb.
     0 | D:1      | Reached XP level 1. HP: 18/18 MP: 1/1
     0 | D:1      | magus.rc [v1.9.6]
    85 | D:1      | Reached skill level 1 in Stealth
   247 | D:1      | Reached skill level 2 in Stealth
   247 | D:1      | Reached XP level 2. HP: 11/24 MP: 2/2
   502 | D:1      | Found Moollierph's General Store.
   588 | D:1      | Bought a scroll of identify for 22 gold pieces
   628 | D:1      | Found Moemai's General Store.
   630 | D:1      | Reached skill level 3 in Stealth
   765 | D:1      | Found Keosaoro's Distillery.
   773 | D:1      | Reached XP level 3. HP: 29/29 MP: 3/3
   854 | D:1      | Found Reigots's General Store.
   862 | D:1      | Bought a scroll of identify for 20 gold pieces
   882 | D:1      | Found a faded altar of an unknown god.
  1151 | D:2      | You pick up a book of Flames and begin reading...
  1151 | D:2      | You add the spells Foxfire, Conjure Flame, Inner Flame and
                  | Flame Wave to your library.
  1230 | D:2      | Reached skill level 4 in Stealth
  1654 | D:2      | Reached XP level 4. HP: 29/35 MP: 4/4
  2463 | D:3      | Reached skill level 5 in Stealth
  2532 | D:3      | Found a large runed translucent door.
  2533 | D:3      | Found a large runed translucent door.
  2781 | D:3      | Reached skill level 4 in Fighting
  2781 | D:3      | Reached XP level 5. HP: 25/42 MP: 5/5
  2887 | D:3      | Found a glowing drain.
  2892 | Sewer    | Entered a sewer
  3251 | Sewer    | Reached skill level 5 in Fighting
  3356 | Sewer    | Reached XP level 6. HP: 51/51 MP: 6/6
  3805 | Sewer    | Reached skill level 6 in Fighting
  4083 | D:3      | Noticed Natasha
  4091 | D:3      | Killed Natasha
  4193 | D:3      | Noticed Natasha
  4198 | D:3      | Killed Natasha
  4199 | D:3      | Reached XP level 7. HP: 59/59 MP: 7/7
  4291 | D:3      | Reached skill level 7 in Fighting
  4298 | D:3      | Found a snail-covered altar of Cheibriados.
  4615 | D:3      | Found a sparkling altar of Nemelex Xobeh.
  4618 | D:3      | Found an ornate altar of the Wu Jian Council.
  4626 | D:3      | Became a worshipper of Nemelex Xobeh the Trickster
  4667 | D:4      | Found a staircase to the Ecumenical Temple.
  4679 | D:4      | Identified the +1 ring mail of an ice cave {Regen+ Str+2}
  4733 | D:4      | Reached skill level 1 in Invocations
  4775 | D:4      | Reached skill level 2 in Invocations
  4808 | D:4      | Noticed Duvessa
  4808 | D:4      | Noticed Dowan
  4823 | D:4      | Killed Duvessa
  4824 | D:4      | Reached skill level 3 in Invocations
  4832 | D:4      | Killed Dowan
  4833 | D:4      | Reached XP level 8. HP: 20/68 MP: 10/10
  4999 | D:4      | Reached skill level 8 in Fighting
  4999 | D:4      | Reached skill level 4 in Invocations
  5363 | D:5      | Entered Level 5 of the Dungeon
  5469 | D:5      | Reached skill level 3 in Axes
  5607 | D:5      | Reached skill level 5 in Invocations
  5713 | D:5      | You pick up a book of Scorching and begin reading...
  5713 | D:5      | You add the spells Scorch and Summon Cactus Giant to your
                  | library.
  5973 | D:5      | Reached * piety under Nemelex Xobeh
  5979 | D:5      | Reached skill level 4 in Axes
  6008 | D:5      | Reached skill level 6 in Invocations
  6164 | D:5      | You pick up a book of Blood and begin reading...
  6164 | D:5      | You add the spells Sublimation of Blood, Wereblood and
                  | Summon Hydra to your library.
  6417 | D:5      | Reached XP level 9. HP: 71/73 MP: 13/13
  6696 | D:6      | Reached skill level 5 in Axes
  6732 | D:6      | Reached skill level 7 in Invocations
  7075 | D:6      | Received a gift from Nemelex Xobeh
  7278 | D:6      | Found Orueluw's Armour Boutique.
  7315 | D:6      | Reached skill level 6 in Axes
  7431 | D:6      | Found a bloodstained altar of Trog.
  7442 | D:6      | Reached skill level 8 in Invocations
  7622 | D:6      | Found a runed translucent gate.
  7622 | D:6      | Found a runed translucent gate.
  7622 | D:6      | Found a runed translucent gate.
  7622 | D:6      | Reached ** piety under Nemelex Xobeh
  7623 | D:6      | Noticed turdburglar's ghost (novice MfIE)
  7624 | D:6      | Noticed a spectral unseen horror
  8077 | D:6      | Reached skill level 9 in Invocations
  8096 | D:7      | Reached skill level 7 in Axes
  8250 | D:7      | Reached XP level 10. HP: 80/80 MP: 15/17
  8407 | D:7      | C - a +0 quick blade {shortrare=g}
  8546 | D:7      | Reached skill level 10 in Invocations
  8557 | D:7      | Reached skill level 8 in Axes
  8621 | D:7      | Found a shimmering blue altar of Sif Muna.
  8873 | D:8      | You drop a +0 quick blade {shortrare=g}.
  8876 | D:8      | C - a +0 quick blade {shortrare=g}
  8923 | D:8      | Reached skill level 11 in Invocations
  8938 | D:8      | Received a gift from Nemelex Xobeh
  9022 | D:8      | Found a flagged portal.
  9037 | Bailey   | Entered a bailey
  9225 | Bailey   | HP: 20/80 [wolf (2)]
  9226 | Bailey   | Slain by a gnoll sergeant

Vanquished Creatures
  6 yaks (D:7)
  A steam dragon (D:8)
  2 water moccasins
  Duvessa (D:4)
  2 orc warriors (D:6)
  2 sky beasts
  An ice beast (D:7)
  A black bear (D:4)
  An ogre (D:5)
  2 centaurs
  2 phantoms
  A kobold brigand (Sewer)
  4 scorpions
  A bullfrog (D:6)
  A gnoll sergeant (Bailey)
  2 necrophages
  7 wights (D:6)
  Dowan (D:4)
  3 killer bees (D:7)
  A howler monkey (D:6)
  2 orc priests
  7 hounds
  3 gnoll shamans (Bailey)
  2 jellies
  Natasha (twice) (D:3)
  6 iguanas
  4 orc wizards
  5 gnolls (Bailey)
  15 adders
  10 river rats
  3 white imps
  2 worms
  6 dart slugs
  19 orcs
  7 endoplasms
  3 giant cockroaches
  15 goblins
  3 hobgoblins
  2 jackals
  8 quokkas
  6 ball pythons
  4 bats
  6 frilled lizards
  24 kobolds
  26 rats
232 creatures vanquished.

Table legend:
 A = Non-vault XP
 B = Vault XP
 C = Vault XP percentage of total XP
 D = Non-vault monster count
 E = Vault monster count
 F = Vault count percentage of total count
                 A         B        C        D         E       F
            +---------+---------+-------+---------+---------+-------
      Total |    4827 |    1727 |  26.4 |     128 |     104 |  44.8
            +---------+---------+-------+---------+---------+-------
        D:1 |      28 |       5 |  15.2 |      17 |       4 |  19.0
        D:2 |      43 |      23 |  34.8 |      11 |      10 |  47.6
        D:3 |     116 |      91 |  44.0 |      24 |      10 |  29.4
        D:4 |     474 |     207 |  30.4 |      13 |       2 |  13.3
        D:5 |     792 |       0 |   0.0 |      21 |       0 |   0.0
        D:6 |    1012 |     443 |  30.4 |      20 |      11 |  35.5
        D:7 |    2181 |       0 |   0.0 |      21 |       0 |   0.0
        D:8 |     181 |     284 |  61.1 |       1 |       6 |  85.7
      Sewer |       0 |     308 | 100.0 |       0 |      50 | 100.0
     Bailey |       0 |     366 | 100.0 |       0 |      11 | 100.0
            +---------+---------+-------+---------+---------+-------

Illustrated notes

Table legend:
 A = Kills in this place as a percentage of kills in entire the game.
 B = Kills by you in this place as a percentage of kills by you in the entire game.
 C = Kills by friends in this place as a percentage of kills by friends in the entire game.
 D = Other kills in this place as a percentage of other kills in the entire game.
 E = Experience gained in this place as a percentage of experience gained in the entire game.
 F = Experience gained in this place divided by the number of levels of this place that you have seen.
                   A       B       C       D       E      F
               +-------+-------+-------+-------+-------+----------------------
         Total | 100.0 | 100.0 |   N/A |   N/A | 100.0 | 655.4
       Dungeon |  73.7 |  73.7 |   N/A |   N/A |  89.7 | 735.0
         Sewer |  21.6 |  21.6 |   N/A |   N/A |   4.7 | 308.0
        Bailey |   4.7 |   4.7 |   N/A |   N/A |   5.6 | 366.0
               +-------+-------+-------+-------+-------+----------------------

Table legend: (Time is in decaauts)
 A = Elapsed time spent in this place.
 B = Non-inter-level travel time spent in this place.
 C = Inter-level travel time spent in this place.
 D = Time resting spent in this place.
 E = Time spent auto-exploring this place.
 F = Levels seen in this place.
 G = Mean time per level.
                   A        B        C        D        E       F      G
               +--------+--------+--------+--------+--------+-----+--------+
         Total |   9507 |   8954 |    553 |    996 |   5614 |  10 |  950.7 |
       Dungeon |   8217 |   7664 |    553 |    795 |   4874 |   8 | 1027.1 |
         Sewer |   1094 |   1094 |      0 |    101 |    739 |   1 | 1094.0 |
        Bailey |    195 |    195 |      0 |    100 |      0 |   1 |  195.0 |
               +--------+--------+--------+--------+--------+-----+--------+

Top non-repeatable levels by time:
     D:2: 1511 daAuts
     D:6: 1501 daAuts
     D:3: 1242 daAuts
     D:5: 1208 daAuts
   Sewer: 1094 daAuts
     D:1: 996 daAuts
     D:4: 732 daAuts
     D:7: 706 daAuts
     D:8: 317 daAuts
  Bailey: 195 daAuts
